 Seeded DCSS version 0.30-a0-297-g0ec75d9ef4 (webtiles) character file.

Game seed: 20221018 (custom seed)

1412 purpskrrrp the Ruffian (level 8, -1/70 HPs)
             Began as a Ghoul Fighter on Oct 18, 2022.
             Was a High Priest of Nemelex Xobeh.
             Slain by an orc priest
             ... wielding a +0 flail
              (3 damage)
             ... on level 7 of the Dungeon.
             The game lasted 00:12:51 (6384 turns).

purpskrrrp the Ruffian (Ghoul Fighter)              Turns: 6384, Time: 00:12:51

Health: -1/70      AC: 15    Str: 22    XL:     8   Next: 70%
Magic:  7/7        EV:  6    Int:  3    God:    Nemelex Xobeh [*****.]
Gold:   63         SH:  0    Dex:  8    Spells: 3/7 levels left

rFire   + + .      SeeInvis .    p - +2 battleaxe (flame)
rCold   + + .      Faith    .    (shield currently unavailable)
rNeg    + + +      Spirit   .    o - +0 plate armour
rPois   ∞          Reflect  .    g - +2 helmet
rElec   .          Harm     .    i - scarf {rC+ rF+}
rCorr   .          Rampage  .    (no gloves)
Will    .....                    (no boots)
Stlth   ..........               h - amulet of magic regeneration
HPRegen 0.00/turn                C - ring of Shadows {Umbra +Inv Stlth+}
MPRegen 0.50/turn                q - ring of protection from fire

@: mighty, inhibited regen, wreathed by umbra
A: claws 1, cold resistance 1, negative energy resistance 3, inhibited
regeneration, torment resistance 2, devour on kill
a: Renounce Religion, Evoke Invisibility, Draw Escape, Draw Destruction, Draw
Summoning, Triple Draw, Deal Four, Stack Five


You were on level 7 of the Dungeon.
You worshipped Nemelex Xobeh.
Nemelex Xobeh was extremely pleased with you.
You visited 1 branch of the dungeon, and saw 7 of its levels.
You also visited: Ossuary.

You collected 503 gold pieces.
You spent 440 gold pieces at shops.

Inventory:

Hand Weapons
 p - a +2 battleaxe of flaming (weapon)
Missiles
 u - a javelin
Armour
 a - a +0 scale mail
 b - a +0 buckler
 g - a +2 helmet (worn)
 i - a scarf of resistance (worn)
 o - a +0 plate armour (worn)
Jewellery
 h - an amulet of magic regeneration (around neck)
 m - a ring of wizardry
 q - a ring of protection from fire (right claw)
 v - a ring of fire
 C - the ring of Shadows (left claw) {Umbra +Inv Stlth+}
   (You bought it in a shop on level 2 of the Dungeon)

   [ring of stealth]

   It surrounds you with an aura of shadow, increasing your stealth and reducing
   the accuracy of all others within it.
   +Inv:      It lets you turn invisible.
   Stlth:     It makes you more stealthy.
Wands
 r - a wand of flame (3)
 D - a wand of digging (8)
 F - a wand of mindburst (5)
Scrolls
 n - 2 scrolls of noise
 w - 3 scrolls of identify
 x - 4 scrolls of teleportation
 y - 2 scrolls of fear
 E - 3 scrolls of poison {unknown}
Potions
 c - 2 potions of might
 d - 4 potions of brilliance
 e - 3 potions of attraction
 f - 5 potions of curing {unknown}
 j - 2 potions of resistance {unknown}
 k - 9 potions of flight
 l - a potion of haste {unknown}
 s - 2 potions of cancellation {unknown}
 t - a potion of lignification {unknown}
 A - a potion of mutation {unknown}
 B - a potion of magic {unknown}


   Skills:
 + Level 5.9 Fighting
 + Level 1.8 Axes
 + Level 3.4 Throwing
 + Level 4.8 Armour
 + Level 4.8 Shields
 - Level 6.0 Unarmed Combat


You had 3 spell levels left.
You knew the following spells:

 Your Spells              Type           Power      Damage    Failure   Level
a - Airstrike             Air            0%         2d(0-16)  100%        4

Your spell library contained the following spells:

 Spells                   Type           Power      Damage    Failure   Level
 Scorch                   Fire           0%         2d5       100%        2
 Ignite Poison            Fire/Tmut/Pois 0%         N/A       100%        3
 Kindle Blastsparks       Fire/Tloc/Air  0%         2d10      100%        3
 Flame Wave               Conj/Fire      0%         2d4       100%        4
 Sticky Flame             Conj/Fire      0%         2d3       100%        4
 Summon Lightning Spire   Summ/Air       0%         N/A       100%        4
 Freezing Cloud           Conj/Ice/Air   0%         6-21      100%        5
 Lightning Bolt           Conj/Air       0%         1d11      100%        5
 Summon Cactus Giant      Summ           0%         N/A       100%        6
 Ignition                 Fire           0%         3d3       100%        8
 Beastly Appendage        Tmut           Unusable   N/A       N/A         1
 Wereblood                Tmut           Unusable   N/A       N/A         2
 Spider Form              Tmut/Pois      Unusable   N/A       N/A         3

Dungeon Overview and Level Annotations

Branches:
Dungeon (7/15)             Temple (0/1) D:5         Ossuary (visited)

Altars:
Ashenzari
Gozag
Makhleb
Nemelex Xobeh
Sif Muna
Trog
Yredelemnul

Shops:
D:2 =   D:5 [   D:6 (

Annotations:
D:6 3 runed translucent doors, lunkers's ghost, novice MeBe


Innate Abilities, Weirdness & Mutations

You are immune to poison.
You have sharp fingernails.
Your flesh is cold resistant. (rC+)
You are immune to negative energy. (rN+++)
You do not regenerate when monsters are visible.
You are immune to unholy pain and torment.
You thrive by killing the living.


Message History

Beogh smites you!
You feel very mighty all of a sudden.
The orc warrior hits you but does no damage.
The orc hits you but does no damage.
The orc priest looks braver for a moment.
You barely miss the orc warrior.
The orc warrior is lightly wounded.
You barely miss the orc. The orc warrior barely misses you.
The orc hits you but does no damage.
The orc priest shoots a sling bullet.
The sling bullet closely misses you.
The orc warrior hits you with a +0 scimitar!
* * * LOW HITPOINT WARNING * * *
The orc barely misses you.
You closely miss the orc warrior.
The orc warrior is lightly wounded.
You slash the orc! You burn the orc.
You kill the orc!
The orc priest shoots a sling bullet.
The sling bullet hits you but does no damage.
The orc warrior hits you but does no damage.
You hit the orc warrior but do no damage.
The orc warrior is lightly wounded.
You closely miss the orc priest.
The orc warrior hits you with a +0 scimitar.
* * * LOW HITPOINT WARNING * * *
The orc priest unwields a +0 sling.
The orc priest wields a +0 flail.
The orc priest closely misses you.
The orc warrior hits you with a +0 scimitar!
* * * LOW HITPOINT WARNING * * *
You hit the orc warrior. You burn the orc warrior.
The orc warrior is moderately wounded.
You closely miss the orc priest. The orc priest barely misses you.
The orc warrior hits you with a +0 scimitar.
* * * LOW HITPOINT WARNING * * *
The orc priest hits you but does no damage.
You closely miss the orc priest. You closely miss the orc warrior.
The orc warrior barely misses you.
The orc priest hits you with a +0 flail.
You die...
Your body disappears without a glow.

#+#### #
#....###+#######..#
#........!.))......
#.........)@)$...>.
#..########oo.##...
#..##### #...#
#..#...# ......
#..'...# ........
#..##### ##...###..
#..### #...# .
#..<.+ ..... #....#


You could see an orc warrior and an orc priest.

Vanquished Creatures
  Eustachio (D:5)
  Edmund (D:5)
  Menkaure (D:5)
  A black bear (D:6)
  A centaur (D:5)
  A phantom (D:5)
  Blork the orc (D:5)
  A scorpion (D:6)
  A howler monkey (D:6)
  A jelly (D:4)
  3 hounds
  2 iguanas
  4 orc wizards
  8 mummies (Ossuary)
  4 gnolls (D:4)
  10 adders
  2 ufetubi (D:5)
  4 worms
  2 dart slugs (D:2)
  20 orcs
  4 endoplasms
  3 giant cockroaches (D:1)
  5 hobgoblins
  6 jackals
  9 kobolds
  A quokka (D:4)
  5 ball pythons
  5 bats
  A frilled lizard (D:2)
  A gnoll zombie (Ossuary)
  11 goblins
  A hobgoblin zombie (Ossuary)
  4 kobold zombies (Ossuary)
  2 orc zombies (Ossuary)
  8 rats
135 creatures vanquished.

Notes
Turn   | Place    | Note
-------+----------+-------------------------------------------
     0 | D:1      | purpskrrrp the Ghoul Fighter began the quest for the Orb.
     0 | D:1      | Reached XP level 1. HP: 19/19 MP: 0/0
    72 | D:1      | Found a faded altar of an unknown god.
    80 | D:1      | Prayed at the altar of an unknown god.
    80 | D:1      | Became a worshipper of Nemelex Xobeh the Trickster
    80 | D:1      | Reached * piety under Nemelex Xobeh
   207 | D:1      | Received a gift from Nemelex Xobeh
   319 | D:1      | Reached XP level 2. HP: 26/26 MP: 1/1
   576 | D:1      | Received a gift from Nemelex Xobeh
   757 | D:2      | Reached XP level 3. HP: 33/33 MP: 2/2
   789 | D:2      | Reached ** piety under Nemelex Xobeh
   981 | D:2      | Reached skill level 3 in Unarmed Combat
   981 | D:2      | Reached XP level 4. HP: 38/40 MP: 3/3
  1064 | D:2      | Received a gift from Nemelex Xobeh
  1430 | D:2      | Found Vietoibri's Jewellery Boutique.
  1634 | D:2      | Reached XP level 5. HP: 45/46 MP: 4/4
  2064 | D:3      | Reached *** piety under Nemelex Xobeh
  2064 | D:3      | Received a gift from Nemelex Xobeh
  2503 | D:3      | Found a broken altar of Ashenzari.
  2554 | D:3      | Reached skill level 1 in Throwing
  2783 | D:3      | Received a gift from Nemelex Xobeh
  2963 | D:2      | Learned a level 4 spell: Airstrike
  2970 | D:4      | Found a burning altar of Makhleb.
  2984 | D:4      | Reached skill level 4 in Unarmed Combat
  2995 | D:4      | Reached XP level 6. HP: 22/52 MP: 5/5
  3264 | D:4      | Received a gift from Nemelex Xobeh
  3621 | D:4      | Reached **** piety under Nemelex Xobeh
  3909 | D:5      | Entered Level 5 of the Dungeon
  3912 | D:5      | Noticed Menkaure
  3912 | D:5      | Noticed Edmund
  3922 | D:5      | Killed Edmund
  3922 | D:5      | Killed Menkaure
  3923 | D:5      | Reached skill level 5 in Unarmed Combat
  3923 | D:5      | Reached XP level 7. HP: 60/60 MP: 6/6
  4094 | D:5      | Noticed Eustachio
  4095 | D:5      | Killed Eustachio
  4096 | D:5      | Reached skill level 5 in Fighting
  4158 | D:5      | Noticed Blork the orc
  4163 | D:5      | Killed Blork the orc
  4164 | D:5      | Reached skill level 6 in Unarmed Combat
  4164 | D:5      | Reached XP level 8. HP: 68/68 MP: 7/7
  4232 | D:5      | Identified the +9 dagger of Perversion {freeze, rN+ rCorr
                  | Str+4 Stlth+}
  4274 | D:5      | Found a staircase to the Ecumenical Temple.
  4349 | D:5      | Found Jyhuhulur's Antique Armour Shoppe.
  4550 | D:6      | Received a gift from Nemelex Xobeh
  4553 | D:6      | Found a sand-covered staircase.
  4560 | Ossuary  | Entered an ossuary
  4623 | Ossuary  | Reached skill level 1 in Axes
  4872 | D:6      | Found a runed translucent gate.
  4872 | D:6      | Found a runed translucent gate.
  4937 | D:6      | Found a runed translucent gate.
  5047 | D:2      | Bought the ring of Shadows {Umbra +Inv Stlth+} for 440 gold
                  | pieces
  5047 | D:2      | Found the ring of Shadows {Umbra +Inv Stlth+}
  5232 | D:6      | Found an opulent altar of Gozag.
  5234 | D:6      | Noticed a gargoyle
  5234 | D:6      | Noticed lunkers's ghost (novice MeBe)
  5299 | D:6      | Received a gift from Nemelex Xobeh
  5457 | D:6      | Found Nurphalekei's Weapon Shoppe.
  5541 | D:6      | Received a gift from Nemelex Xobeh
  5727 | D:6      | Reached ***** piety under Nemelex Xobeh
  5727 | D:6      | Found a shimmering blue altar of Sif Muna.
  5728 | D:6      | Found a basalt altar of Yredelemnul.
  5770 | D:6      | Noticed a moth of wrath
  5774 | D:6      | Found a bloodstained altar of Trog.
  6382 | D:7      | HP: 3/70 [orc warrior/+0 scimitar (9)]
  6384 | D:7      | Slain by an orc priest

Illustrated notes

Levels and vault maps discovered:
D:1:      dpeg_arrival_radiant, layout_loops_ring, basic_ecumenical_altar
D:2:      layout_basic, serial_shops, shop_statue, grunt_ministairs_15
D:3:      layout_loops_corners, mainiacjoe_overflow_tiny_flanked,
          grunt_decor_clamped
D:4:      nicolae_cairo_tiling_large_dashed, layout_rooms,
          makhleb_heckhound_becter, minmay_misc_feat_plants
D:5:      layout_basic, minmay_temple_entry_sparse_star, serial_shops,
          nicolae_stop_n_shop_2, uniq_blork_the_orc, uniq_edmund, uniq_menkaure,
          uniq_eustachio
D:6:      layout_basic, tgw_trog, gammafunk_temple_overflow_claw, serial_shops,
          nicolae_stop_n_shop_2, ebering_ghost_gozag, enter_ossuary_2,
          minmay_tree_intersection, minmay_misc_feat_square, eino_tiny_chamber,
          minivault_5
D:7:      layout_gridville, nzn_ghost_randoct, serial_shops, nicolae_square_shop

Skill      XL: |  1  2  3  4  5  6  7  8 |
---------------+-------------------------+-----
Armour         | 3 4 |  4.8
Shields        | 3 4 |  4.8
Unarmed Combat | 3 4 5 6 |  6.0
Fighting       | 4 5 |  5.9
Throwing       | 1 2 3 |  3.4
Axes           | 1 |  1.8

Action                   |  1- 3 |  4- 6 |  7- 9 || total
-------------------------+-------+-------+-------++-------
Melee: Unarmed           |    85 |   185 |    18 ||   288
       Battleaxe         |       |       |    92 ||    92
Throw: Javelin           |    10 |    37 |       ||    47
Invok: Draw Destruction  |       |     4 |     5 ||     9
  Use: Scroll            |     2 |     8 |     3 ||    13
       Potion            |       |     1 |     2 ||     3
Armor: Scale mail        |    35 |       |       ||    35
       Plate armour      |     3 |   132 |   128 ||   263
Dodge: Dodged            |    28 |    53 |    69 ||   150
Block: Buckler           |    10 |    36 |     6 ||    52

Table legend: (Time is in decaauts)
 A = Elapsed time spent in this place.
 B = Non-inter-level travel time spent in this place.
 C = Inter-level travel time spent in this place.
 D = Time resting spent in this place.
 E = Time spent auto-exploring this place.
 F = Levels seen in this place.
 G = Mean time per level.
                   A        B        C        D        E       F      G
               +--------+--------+--------+--------+--------+-----+--------+
         Total |   6458 |   5893 |    565 |    620 |   4248 |   8 |  807.2 |
       Dungeon |   6183 |   5618 |    565 |    620 |   4056 |   7 |  883.3 |
       Ossuary |    274 |    274 |      0 |      0 |    192 |   1 |  274.0 |
               +--------+--------+--------+--------+--------+-----+--------+

Top non-repeatable levels by time:
     D:6: 1388 daAuts
     D:2: 1236 daAuts
     D:3: 1110 daAuts
     D:4: 986 daAuts
     D:1: 740 daAuts
     D:5: 668 daAuts
 Ossuary: 274 daAuts
     D:7: 52 daAuts
